 Dungeon Crawl Stone Soup version 0.28.0-53-g5a82cb258f (webtiles) character file.

Game seed: 12500579721994357556

13292 jjjjhere the Severer (level 11, 0/104 HPs)
             Began as a Minotaur Fighter on Aug 20, 2022.
             Was a Follower of Uskayaw.
             Slain by Maggie
             ... wielding a +2 long sword of flaming
              (5 damage)
             ... while paralysed by Maggie
             ... on level 2 of the Lair of Beasts.
             The game lasted 00:19:40 (12571 turns).

jjjjhere the Severer (Minotaur Fighter)            Turns: 12571, Time: 00:19:40

Health: 0/104      AC: 12    Str: 27    XL:     11   Next: 73%
Magic:  11/13      EV:  2    Int:  3    God:    Uskayaw [*.....]
Gold:   884        SH:  0    Dex: 14    Spells: 10/10 levels left

rFire   + . .      SeeInvis +   a - +1 war axe
rCold   . . .      Faith    +   c - +0 buckler
rNeg    . . .      Spirit   .   b - +0 scale mail
rPois   .          Reflect  .   (helmet restricted)
rElec   .          Harm     .   l - +1 cloak
rCorr   +          Rampage  .   u - +1 pair of gloves
Will    .....                   (no boots)
Stlth   ..........              F - amulet of Qabyat {Faith rF+ rCorr}
HPRegen 0.27/turn               p - ring of see invisible
MPRegen 0.13/turn               q - +6 ring of strength

@: paralysed, mighty, lethally poisoned (0 -> -14), mesmerised, very slow
A: horns 2, retaliatory headbutt, dopey 1
a: Renounce Religion, Stomp


You were on level 2 of the Lair of Beasts.
You worshipped Uskayaw.
Uskayaw was noncommittal.
You visited 3 branches of the dungeon, and saw 12 of its levels.
You also visited: Bailey.

You collected 1584 gold pieces.
You spent 700 gold pieces at shops.

Inventory:

Hand Weapons
 a - a +1 war axe (weapon)
 I - a +2 mace of draining
 N - the +6 war axe of Biubb {pain, *Slow rF+++ Str+8 Dex-4}
   (You found it on level 2 of the Lair of Beasts)

   In the hands of one skilled in necromantic magic, it inflicts extra damage on
   living creatures.
   Str:       It affects your strength (+8).
   Dex:       It affects your dexterity (-4).
   rF:        It renders you almost immune to fire.
   *Slow:     It may slow you when you take damage.
Missiles
 t - a throwing net
Armour
 b - a +0 scale mail (worn)
 c - a +0 buckler (worn)
 l - a +1 cloak (worn)
 u - a +1 pair of gloves (worn)
Jewellery
 p - a ring of see invisible (left hand)
 q - a +6 ring of strength (right hand)
 F - the amulet of Qabyat (around neck) {Faith rF+ rCorr}
   (You acquired it on level 7 of the Dungeon)

   [amulet of faith]

   It allows you to gain divine favour quickly.
   rF:        It protects you from fire.
   rCorr:     It protects you from acid and corrosion.
 J - a ring of willpower
 L - a ring of ice
Wands
 n - a wand of charming (12)
 o - a wand of acid (16)
 r - a wand of flame (19) (quivered)
 z - a wand of iceblast (4)
 B - a wand of mindburst (24)
Scrolls
 f - 4 scrolls of identify
 i - 2 scrolls of fog
 j - 4 scrolls of teleportation
 s - 4 scrolls of enchant armour
 w - a scroll of magic mapping {unknown}
 y - 2 scrolls of amnesia
 A - 2 scrolls of fear
 C - a scroll of noise {unknown}
 H - a scroll of enchant weapon
 K - a scroll of blinking {unknown}
Potions
 d - 6 potions of might
 g - 6 potions of curing
 h - 4 potions of flight
 k - a potion of ambrosia {unknown}
 m - a potion of attraction
 v - 6 potions of brilliance
 x - a potion of heal wounds
 D - a potion of degeneration {unknown}
 E - 3 potions of cancellation {unknown}
 G - a potion of haste {unknown}
 M - a potion of berserk rage {unknown}


   Skills:
 - Level 11.6 Fighting
 - Level 16.0 Axes
 + Level 6.8 Armour
 + Level 11.5 Shields
 + Level 4.6 Invocations


You had 10 spell levels left.
You didn't know any spells.
Your spell library contained the following spells:

 Spells                   Type           Power      Damage    Failure   Level
 Magic Dart               Conj           0%         1d3       83%         1
 Slow                     Hex            0%         N/A       83%         1
 Call Imp                 Summ           0%         N/A       92%         2
 Confusing Touch          Hex            0%         N/A       99%         3
 Conjure Flame            Conj/Fire      0%         6-21      99%         3
 Gell's Gravitas          Tloc           0%         N/A       99%         3
 Ignite Poison            Fire/Tmut/Pois 0%         N/A       99%         3
 Lesser Beckoning         Tloc           0%         N/A       99%         3
 Mephitic Cloud           Conj/Pois/Air  0%         N/A       99%         3
 Ozocubu's Armour         Ice            0%         N/A       99%         3
 Summon Guardian Golem    Hex/Summ       0%         N/A       99%         3
 Teleport Other           Tloc           0%         N/A       99%         3
 Vampiric Draining        Necr           0%         2d6       99%         3
 Sticky Flame             Conj/Fire      0%         2d3       100%        4
 Orb of Destruction       Conj           0%         9d5       100%        7
 Ozocubu's Refrigeration  Ice            0%         4d5       100%        7
 Spellforged Servitor     Conj/Summ      0%         N/A       100%        7


Dungeon Overview and Level Annotations

Branches:
Dungeon (9/15)             Temple (1/1) D:6            Lair (2/6) D:9
 Bailey (visited)
  Swamp: Lair:2-4    Shoals: Lair:2-4     Snake: Lair:2-4    Spider: Lair:2-4
    Orc: D:9-12

Altars:
Ashenzari
Cheibriados
Dithmenos
Elyvilon
Fedhas
Gozag
Hepliaklqana
Kikubaaqudgha
Makhleb
Nemelex Xobeh
Okawaru
Qazlal
Ru
Sif Muna
Trog
Uskayaw
Vehumet
Wu Jian
Xom
Yredelemnul
Zin
The Shining One
Lugonu

Shops:
D:6 *?[=

Portals:
Abyss: Lair:2

Annotations:
D:5 3 runed translucent doors, FallenXxXSky's ghost, weakling FeDe
Lair:2 Maggie


Innate Abilities, Weirdness & Mutations

You have a pair of horns on your head.
You reflexively headbutt those who attack you in melee.
You are dopey. (Int -2)


Message History

* * * LOW HITPOINT WARNING * * *
Maggie mumbles some strange words.
Maggie draws you further into her thrall.
The cane toad stings you!
* * * LOW HITPOINT WARNING * * *
You are lethally poisoned!
The cane toad poisons you!
You can move again.
Unknown command.
You feel better.
Maggie hits you with a +2 long sword of flaming!
* * * LOW HITPOINT WARNING * * *
Maggie burns you.
* * * LOW HITPOINT WARNING * * *
You block the cane toad's attack.
You feel much better.
Maggie gives herself a magical halo, but it quickly sputters out.
Maggie barely misses you.
The cane toad stings you but does no damage.
You feel very mighty all of a sudden.
The cane toad stings you but does no damage.
Maggie hits you with a +2 long sword of flaming.
Your unstable footing causes you to fumble your attack.
The cane toad closely misses you.
Maggie zaps a wand.
You suddenly lose the ability to move!
The cane toad stings you!
* * * LOW HITPOINT WARNING * * *
You are poisoned.
The cane toad poisons you!
Maggie hits you with a +2 long sword of flaming!
* * * LOW HITPOINT WARNING * * *
Maggie burns you.
* * * LOW HITPOINT WARNING * * *
You can no longer pass through a line of other dancers.
* * * LOW HITPOINT WARNING * * *
You feel very sick. The cane toad stings you.
* * * LOW HITPOINT WARNING * * *
Maggie hits you with a +2 long sword of flaming.
You die...

#.........###.# .......
...........###. .......
#P...........### .......
..........)...## .......
................ .......
.♣.P.....♣P.P... ....§.P
.♣..♣...♣..♣♣.#P
....♣.@♣§♣..♣...PP♣..♣♣♣
....§PF@.§.♣....♣..PP♣..
......♣†♣♣.♣.♣..♣P♣..♣.♣
...§.....♣.♣.♣.♣♣♣P.♣♣.P
...§....♣..♣.♣♣..PPP.♣.)
.......♣♣.♣P...P♣.P♣...8
.......♣.♣...♣♣..♣..P...
...#♣.P.♣###.♣.♣.♣..♣♣P.
... .#.♣ ##.....♣.P♣♣♣
.. ##.P +#..♣....♣


You could see Maggie (mesmerising) and a cane toad.

Vanquished Creatures
  2 hydras (Lair:2)
  An orc sorcerer (Bailey)
  2 cane toads (Lair:1)
  A komodo dragon (Lair:1)
  A kobold demonologist (Bailey)
  A polar bear (Lair:2)
  3 dream sheep (Lair:2)
  16 yaks
  2 basilisks (Lair:1)
  4 wyverns
  A shadow (D:7)
  Grum (Lair:1)
  2 steam dragons
  A water moccasin (Lair:1)
  12 orc warriors (Bailey)
  A necrophage (D:7)
  3 black bears
  An ice beast (D:7)
  2 sky beasts
  4 wolves (Lair:1)
  5 centaurs
  11 bullfrogs
  A wyvern zombie (D:8)
  A jelly (D:5)
  11 killer bees (D:9)
  4 electric eels (Bailey)
  4 howler monkeys
  4 wights (D:9)
  A centaur zombie (D:5)
  A bullfrog zombie (D:5)
  A hound (D:6)
  An orc priest (D:5)
  A gnoll shaman (D:4)
  2 bullfrog skeletons
  2 iguanas
  3 orc wizards
  A hound zombie (D:2)
  A hound skeleton (D:7)
  18 gnolls
  10 adders
  A shadow imp (D:4)
  2 white imps
  5 adder skeletons
  2 adder zombies (D:2)
  2 worms
  A dart slug (D:3)
  22 orcs
  9 ball pythons
  4 bats
  A bat skeleton (D:2)
  5 endoplasms
  3 giant cockroaches
  11 goblins
  7 hobgoblins
  3 jackals (D:1)
  3 quokkas
  3 frilled lizards
  2 giant cockroach zombies (D:2)
  11 kobolds
  2 quokka skeletons (D:2)
  2 quokka zombies (D:2)
  5 rats
  2 lurking horrors (Lair:2)
252 creatures vanquished.

Vanquished Creatures (others)
  A human (D:3)
  5 fungi
  5 plants
  6 withered plants (D:2)
17 creatures vanquished.

Grand Total: 269 creatures vanquished

Notes
Turn   | Place    | Note
-------+----------+-------------------------------------------
     0 | D:1      | jjjjhere the Minotaur Fighter began the quest for the Orb.
     0 | D:1      | Reached XP level 1. HP: 19/19 MP: 0/0
   434 | D:1      | Reached XP level 2. HP: 27/27 MP: 1/1
   574 | D:1      | Reached skill level 3 in Axes
   836 | D:1      | Reached XP level 3. HP: 33/33 MP: 2/2
  1300 | D:2      | Reached XP level 4. HP: 41/41 MP: 3/3
  1302 | D:2      | Reached skill level 4 in Axes
  1893 | D:3      | Found an ancient bone altar of Kikubaaqudgha.
  1918 | D:3      | Noticed a human
  1920 | D:3      | Killed a human
  1969 | D:4      | Reached skill level 5 in Axes
  1969 | D:4      | Reached XP level 5. HP: 47/47 MP: 4/4
  2262 | D:4      | Reached skill level 6 in Axes
  2272 | D:4      | HP: 13/47 [gnoll/+0 halberd (4)]
  2572 | D:4      | Reached XP level 6. HP: 48/55 MP: 5/5
  2640 | D:4      | Reached skill level 5 in Fighting
  3097 | D:5      | Entered Level 5 of the Dungeon
  3131 | D:5      | Reached skill level 7 in Axes
  3222 | D:5      | Found a runed translucent gate.
  3222 | D:5      | Found a runed translucent gate.
  3222 | D:5      | Found a runed translucent gate.
  3402 | D:5      | Reached XP level 7. HP: 61/61 MP: 6/6
  3409 | D:5      | Reached skill level 8 in Axes
  3927 | D:5      | Noticed FallenXxXSky's ghost (weakling FeDe)
  4195 | D:5      | Reached skill level 9 in Axes
  4427 | D:6      | Found a shimmering blue altar of Sif Muna.
  4527 | D:6      | Found Tateny's General Store.
  4573 | D:6      | Found a staircase to the Ecumenical Temple.
  4625 | Temple   | Entered the Ecumenical Temple
  4704 | Temple   | Became a worshipper of Uskayaw the Reveller
  4724 | D:6      | Reached * piety under Uskayaw
  4735 | D:6      | Found Fill's Magic Scroll Emporium.
  4751 | D:6      | Reached ** piety under Uskayaw
  4753 | D:6      | Reached XP level 8. HP: 70/70 MP: 7/7
  5036 | D:6      | Reached skill level 10 in Axes
  5036 | D:6      | Reached skill level 5 in Shields
  5058 | D:6      | Found an ornate altar of the Wu Jian Council.
  5148 | D:6      | Found Gusilu Siech's Jewellery Shoppe.
  5173 | D:6      | HP: 23/70 [steam dragon (5)]
  5175 | D:6      | HP: 10/70 [steam dragon] (10)]
  5245 | D:6      | Found Naafidgh's Armour Boutique.
  5297 | D:6      | Identified a scroll of acquirement
  5297 | D:6      | Acquired 1093 gold pieces
  5346 | D:6      | Bought a potion of experience for 700 gold pieces
  5346 | D:6      | Reached skill level 14 in Axes
  5346 | D:6      | Reached XP level 9. HP: 84/84 MP: 8/8
  5416 | D:7      | Found a burning altar of Makhleb.
  5521 | D:7      | Reached *** piety under Uskayaw
  5524 | D:7      | Reached **** piety under Uskayaw
  5526 | D:7      | Reached ***** piety under Uskayaw
  5538 | D:7      | Reached ****** piety under Uskayaw
  5540 | D:7      | Reached skill level 15 in Axes
  5695 | D:7      | Found a flagged portal.
  5711 | Bailey   | Entered a bailey
  6056 | Bailey   | Reached XP level 10. HP: 59/93 MP: 9/9
  6315 | Bailey   | Found an iron altar of Okawaru.
  6315 | Bailey   | Noticed an orc sorcerer
  6325 | Bailey   | Gained mutation: You are dopey. (Int -2) [a neqoxec]
  6329 | Bailey   | Killed an orc sorcerer
  6330 | Bailey   | Reached skill level 10 in Fighting
  6330 | Bailey   | Reached skill level 16 in Axes
  6708 | D:7      | Acquired the amulet of Qabyat {Faith rF+ rCorr}
  6747 | D:7      | Found a snail-covered altar of Cheibriados.
  6750 | D:7      | Found an iron altar of Okawaru.
  6750 | D:7      | Found a glowing silver altar of Zin.
  6754 | D:7      | Found a stormy altar of Qazlal.
  7935 | D:9      | Reached skill level 10 in Shields
  8090 | D:9      | Reached XP level 11. HP: 56/104 MP: 10/10
  8096 | D:9      | Identified the +2 leather armour of Makhleb's Benevolence
                  | {rC+ Int+4 Stlth-}
  8634 | D:9      | Reached skill level 1 in Invocations
  9595 | D:9      | Found a staircase to the Lair.
  9932 | Lair:1   | Entered Level 1 of the Lair of Beasts
 10380 | Lair:1   | Reached skill level 5 in Armour
 10454 | Lair:1   | Found a glowing silver altar of Zin.
 10492 | Lair:1   | Noticed Grum
 10505 | Lair:1   | Killed Grum
 11195 | Lair:2   | Found a one-way gate to the infinite horrors of the Abyss.
 11196 | Lair:2   | Found a corrupted altar of Lugonu.
 11718 | Lair:2   | Identified the +6 war axe of Biubb {pain, *Slow rF+++ Str+8
                  | Dex-4}
 11947 | Lair:2   | Noticed a six-headed hydra
 11969 | Lair:2   | HP: 25/104 [six-headed hydra (13)]
 11970 | Lair:2   | Killed a six-headed hydra
 12453 | Lair:2   | Noticed a five-headed hydra
 12461 | Lair:2   | Killed a five-headed hydra
 12551 | Lair:2   | Noticed Maggie
 12562 | Lair:2   | Paralysed by Maggie for 4 turns
 12565 | Lair:2   | HP: 27/104 [cane toad (10)]
 12565 | Lair:2   | HP: 13/104 [cane toad (14)]
 12569 | Lair:2   | Paralysed by Maggie for 7 turns
 12570 | Lair:2   | HP: 23/104 [cane toad (14)]
 12571 | Lair:2   | HP: 8/104 [poisoned by a cane toad]
 12571 | Lair:2   | Slain by Maggie

Illustrated notes

Levels and vault maps discovered:
D:1:      dpeg_arrival_castle, layout_loops_corners
D:2:      layout_basic, serial_undead, serial_undead_f, serial_undead_e,
          serial_undead_f, serial_undead_b, serial_undead_d, serial_undead_e,
          serial_undead_d, serial_undead_c, serial_undead_b, serial_undead_c,
          grunt_decor_junction
D:3:      layout_rooms, tgw_kikubaaqudgha
D:4:      layout_loops_ring, minmay_quantized
D:5:      layout_basic, gammafunk_ghost_nasty_kobolds, minivault_25
D:6:      layout_loops_ring, pdpol_wu_jian_five_deadly_venoms,
          mainiacjoe_overflow_catwalk, temple_doors_e, serial_shops,
          nicolae_shop_stone, nicolae_shop_waterfront, shop_fountains,
          nicolae_shop_hallway_plus, amcnicky_mini_corridor_feature,
          corexii_leaking_fountain
D:7:      layout_rooms, grunt_temple_overflow_open, makhleb_blood_cavern_becter,
          enter_bailey_5
D:8:      layout_cave_pods
D:9:      layout_layer_cave, lair_entry_dummy
Temple:   eino_temple_lava
Lair:1:   layout_regular_city, basic_altar, uniq_grum
Lair:2:   wad_woods_tower, layout_cave_pods, amcnicky_altar_lugonu_corruption,
          uniq_maggie

Skill      XL: |  1  2  3  4  5  6  7  8  9 10 11 |
---------------+----------------------------------+-----
Fighting       | 4 5 9 11 | 11.6
Shields        | 4 8 9 10 11 | 11.5
Axes           | 3 5 6 7 9 14 15 16 | 16.0
Armour         | 6 |  6.8
Invocations    | 4 |  4.6

Action                   |  1- 3 |  4- 6 |  7- 9 | 10-12 || total
-------------------------+-------+-------+-------+-------++-------
Melee: War axe           |    85 |   127 |   191 |   242 ||   645
       Headbutt          |    12 |    20 |    37 |    53 ||   122
       Mace              |       |       |       |    12 ||    12
Invok: Stomp             |       |       |     1 |     1 ||     2
Evoke: Wand              |       |       |       |    12 ||    12
  Use: Scroll            |       |       |    13 |     1 ||    14
       Potion            |       |       |     1 |     3 ||     4
 Stab: Paralysed         |       |       |     7 |    25 ||    32
Armor: Scale mail        |    42 |    60 |    77 |    89 ||   268
Dodge: Dodged            |    39 |    59 |    59 |    85 ||   242
Block: Buckler           |    21 |    33 |    49 |    83 ||   186
